 Dungeon Crawl Stone Soup version 0.30.0-15-g856e2d3f33 (webtiles) character file.

Game seed: 9809390511145248402

394 qw the Chopper (level 6, 0/38 HPs)
             Began as a Gargoyle Fighter on May 20, 2023.
             Slain by an orc wizard
             ... wielding a +0 dagger of venom
              (3 damage)
             ... on level 3 of the Dungeon.
             The game lasted 00:01:16 (3336 turns).

qw the Chopper (Gargoyle Fighter)                   Turns: 3336, Time: 00:01:16

Health: 0/38       AC: 18    Str: 27    XL:     6   Next: 82%
Magic:  6/6        EV:  7    Int:  9    God:
Gold:   219        SH:  4    Dex:  9    Spells: 5/5 levels left

rFire   x . .        Y - +0 war axe
rCold   . . .        c - +0 buckler
rNeg    + . .        g - +0 plate armour
rPois   inf          (no helmet)
rElec   +            (no cloak)
rCorr   .            n - +0 pair of gloves
SInv    .            e - +0 pair of boots
Will    .....        (no amulet) Stlth
                     i - +6 ring of strength
HPRegen 0.26/turn    (no ring)
MPRegen 0.10/turn

%: random rage (3%)
@: no status effects
A: sickness immunity, AC +4, negative energy resistance 1, electricity
resistance, torment resistance 1, petrification resistance, claws 1, berserk 1,
wild magic 1, heat vulnerability 1
a: no special abilities


You were on level 3 of the Dungeon.
You visited 1 branch of the dungeon, and saw 4 of its levels.

You collected 219 gold pieces.


Innate Abilities, Weirdness & Mutations

You are immune to sickness and miasma.
Your stone body is resilient. (AC +4)
You are immune to poison.
You resist negative energy. (rN+)
You are resistant to electric shocks. (rElec)
You are resistant to unholy torment.
You are immune to petrification.
You have sharp fingernails.
You sometimes lose your temper in combat.
Your spells are a little harder to cast, but a little more powerful.
You are vulnerable to heat. (rF-)


   Skills:
 + Level 3.9 Fighting
 - Level 6.1 Axes
 - Level 3.2 Armour
 - Level 0.3 Dodging
 - Level 3.2 Shields


You had 5 spell levels left.
You didn't know any spells.
Your spell library was empty.

Inventory:

Hand Weapons
 j - a +0 mace
 Y - a +0 war axe (weapon)
Armour
 c - a +0 buckler (worn)
 e - a +0 pair of boots (worn)
 g - a +0 plate armour (worn)
 l - a +3 scale mail of cold resistance
 n - a +0 pair of gloves (worn)
Jewellery
 i - a +6 ring of strength (left hand)
Scrolls
 a - a scroll of identify
Potions
 d - a potion of might
 h - a potion of curing
 k - a potion of lignification
 m - a potion of degeneration {unknown}

Dungeon Overview and Level Annotations

Branches:
Dungeon (4/15)
 Temple: D:4-7

Altars:
Yredelemnul


Message History

Reactivating autopickup.
You feel a bit more experienced.
You closely miss something. Something hits you but does no damage.
Deactivating autopickup; reactivate with Ctrl-A.
The scorpion stings you.
You hit the scorpion.
The scorpion is lightly wounded.
You hit something. Something hits you but does no damage.
The scorpion stings you but does no damage.
You slash the scorpion!
The scorpion is heavily wounded.
You barely miss something. You block the scorpion's attack.
You hear some strange, mumbled words.
A magic dart appears from out of thin air!
The magic dart hits you. The scorpion closely misses you.
You block something's attack.
You closely miss the scorpion.
The scorpion is heavily wounded.
You hit something but do no damage. The scorpion closely misses you.
Something hits you.
You closely miss the scorpion.
The scorpion is heavily wounded.
You closely miss something.
The scorpion stings you but does no damage.
You hear some strange, mumbled words.
A magic dart appears from out of thin air!
The magic dart hits you but does no damage.
The scorpion barely misses you.
You barely miss the scorpion.
The scorpion is heavily wounded.
You miss something. Something hits you but does no damage.
The scorpion stings you but does no damage.
You slash the scorpion!
You kill the scorpion!
You miss something. Something hits you. x2
You die...

#¤#######.# ######...
#¤¤.....#.###........
##.....<..##..####...
#........##.## #...
#...........#####...
#####..#.......##...
#.#..#######.##...
#)#..# #^##... #@{..#
#.##### #)#..#
#.#.... ##.#..#####
#......
#.........###......
#.....###..##......
#.....####.##......
##.##.......#......
#.#...###..#......
####.#...# #..#.#.###


There were no monsters in sight!

Vanquished Creatures
  Grinder (D:3)
  A scorpion (D:3)
  An orc priest (D:3)
  Jessica (D:3)
  Terence (D:2)
  An orc wizard (D:3)
  3 adders
  3 dart slugs
  2 orcs (D:3)
  6 bats
  3 endoplasms
  3 giant cockroaches
  5 goblins
  6 hobgoblins
  6 jackals
  4 kobolds
  A quokka (D:1)
  3 ball pythons
  A frilled lizard (D:1)
  11 rats
63 creatures vanquished.

Notes
Turn   | Place    | Note
-------+----------+-------------------------------------------
     0 | D:1      | qw the Gargoyle Fighter began the quest for the Orb.
     0 | D:1      | Reached XP level 1. HP: 14/14 MP: 1/1
     0 | D:1      | 0 ||| qw: Version: 0.2-a-97-g499787f
     0 | D:1      | 0 ||| qw: Game counter: 44
     0 | D:1      | 0 ||| qw: Always use a shield: true
     0 | D:1      | 0 ||| qw: God list: Okawaru
     0 | D:1      | 0 ||| qw: Allow faded altars: false
     0 | D:1      | 0 ||| qw: Do Orc after D:15 true
     0 | D:1      | 0 ||| qw: Do second Lair branch before Depths: true
     0 | D:1      | 0 ||| qw: Lair rune preference: random
     0 | D:1      | 0 ||| qw: Plans: Normal, Zot:1-4, God:TSO, Crypt, Tomb,
                  | Pan, Slime:5, Hells, Abyss, Win
     0 | D:1      | 0 ||| PLANNING D:1-11
   112 | D:1      | Reached skill level 2 in Axes
   221 | D:1      | Reached XP level 2. HP: 19/19 MP: 2/2
   442 | D:1      | 442 ||| Stepping ~*~*~tactically~*~*~ (hiding).
   470 | D:1      | Reached skill level 3 in Axes
   594 | D:1      | Reached XP level 3. HP: 23/23 MP: 3/3
   597 | D:1      | Found a faded altar of an unknown god.
   687 | D:1      | 687 ||| Stepping ~*~*~tactically~*~*~ (hiding).
  1033 | D:1      | 1033 ||| UPGRADING to +0 pair of boots.
  1038 | D:1      | 1038 ||| READING 2 scrolls labelled MOACKAASUWN.
  1039 | D:1      | 1039 ||| READING scroll labelled DUFAGE BEPUISE.
  1040 | D:1      | 1040 ||| READING scroll labelled CUSCHE LOIGOODD.
  1041 | D:1      | 1041 ||| DRINKING 2 murky puce potions.
  1041 | D:1      | Gained mutation: You are dopey. (Int -2) [potion of
                  | mutation]
  1041 | D:1      | Gained mutation: You are vulnerable to heat. (rF-) [potion
                  | of mutation]
  1041 | D:1      | Gained mutation: You have sharp fingernails. [potion of
                  | mutation]
  1041 | D:1      | Gained mutation: You have a pair of small horns on your
                  | head. [potion of mutation]
  1042 | D:1      | 1042 ||| DRINKING potion of mutation.
  1042 | D:1      | Lost mutation: You have a pair of small horns on your head.
                  | [potion of mutation]
  1042 | D:1      | Lost mutation: You are dopey. (Int -2) [potion of mutation]
  1042 | D:1      | Gained mutation: You sometimes lose your temper in combat.
                  | [potion of mutation]
  1042 | D:1      | Gained mutation: Your spells are a little harder to cast,
                  | but a little more powerful. [potion of mutation]
  1163 | D:2      | 1163 ||| Stepping ~*~*~tactically~*~*~ (hiding).
  1300 | D:2      | 1300 ||| Stepping ~*~*~tactically~*~*~ (stealth).
  1569 | D:2      | Noticed Terence
  1581 | D:2      | Killed Terence
  1582 | D:2      | Reached skill level 4 in Axes
  1582 | D:2      | Reached XP level 4. HP: 25/28 MP: 4/4
  2358 | D:2      | 2358 ||| UPGRADING to +0 chain mail.
  2368 | D:2      | 2368 ||| DROPPING +0 scale mail.
  2369 | D:2      | 2369 ||| UPGRADING to +3 scale mail of cold resistance.
  2379 | D:2      | 2379 ||| UPGRADING to +0 pair of gloves.
  2384 | D:2      | 2384 ||| DROPPING amulet of faith.
  2385 | D:2      | 2385 ||| UPGRADING to +6 ring of strength.
  2386 | D:2      | 2386 ||| READING 2 scrolls of identify.
  2386 | D:2      | 2386 ||| IDENTIFYING emerald potion
  2454 | D:3      | Noticed Jessica
  2463 | D:3      | Killed Jessica
  2464 | D:3      | Reached XP level 5. HP: 26/32 MP: 5/5
  2910 | D:3      | Noticed Grinder
  2920 | D:3      | Paralysed by Grinder for 2 turns
  2925 | D:3      | Killed Grinder
  2926 | D:3      | Reached skill level 6 in Axes
  2926 | D:3      | Reached XP level 6. HP: 23/37 MP: 6/6
  3284 | D:3      | 3284 ||| DROPPING +0 chain mail.
  3285 | D:3      | 3285 ||| UPGRADING to +0 plate armour.
  3295 | D:3      | 3295 ||| READING scroll labelled MAKYAD JOSEA.
  3296 | D:3      | 3296 ||| READING scroll labelled VASUJUGAIWK.
  3297 | D:3      | 3297 ||| READING scroll labelled VAGHASHECS.
  3298 | D:3      | 3298 ||| READING 2 scrolls of identify.
  3298 | D:3      | 3298 ||| IDENTIFYING fizzy blue potion
  3313 | D:4      | Found a basalt altar of Yredelemnul.
  3316 | D:4      | 3316 ||| STAIRDANCE
  3318 | D:4      | 3318 ||| STAIRDANCE
  3320 | D:3      | 3320 ||| DRINKING 2 potions of curing.
  3320 | D:3      | 3320 ||| (to cure confusion)
  3327 | D:3      | HP: 8/37 [orc priest/+0 dagger (4)]
  3332 | D:3      | HP: 5/38 [something/magic dart (4)]
  3336 | D:3      | Slain by an orc wizard

Levels and vault maps discovered:
D:1:      dpeg_arrival_castle, layout_loops_corners,
          shapermc_ecumenical_altar_mp_vishouse, minmay_bisected
D:2:      layout_loops_corners, fountainhead, small_statue_intersection,
          uniq_terence
D:3:      layout_basic, uniq_jessica, uniq_grinder
D:4:      layout_cave_pools, mainiacjoe_overflow_catch_the_wave,
          gammafunk_ghost_split

Skill      XL: |  1  2  3  4  5 |
---------------+----------------+-----
Axes           | 2 3 4 6 |  6.1
Fighting       | |  3.9
Armour         | |  3.2
Dodging        | |  0.3
Shields        | |  3.2

Action                     |  1- 3 |  4- 6 || total
---------------------------+-------+-------++-------
  Melee: War axe           |   110 |    89 ||   199
    Use: Scroll            |     3 |     5 ||     8
         Potion            |     2 |     1 ||     3
 Armour: Scale mail        |    61 |    31 ||    92
         Plate armour      |       |    31 ||    31
  Dodge: Dodged            |    50 |    41 ||    91
  Block: Buckler           |    24 |     9 ||    33

Table legend:
 A = Non-vault XP
 B = Vault XP
 C = Vault XP percentage of total XP
 D = Non-vault monster count
 E = Vault monster count
 F = Vault count percentage of total count
                 A         B        C        D         E       F
            +---------+---------+-------+---------+---------+-------
      Total |     291 |     356 |  55.0 |      56 |       7 |  11.1
            +---------+---------+-------+---------+---------+-------
        D:1 |      38 |       6 |  13.6 |      21 |       4 |  16.0
        D:2 |      49 |      36 |  42.4 |      22 |       1 |   4.3
        D:3 |     204 |     314 |  60.6 |      13 |       2 |  13.3
            +---------+---------+-------+---------+---------+-------
